Map: Winter's Gate LE

Players

Elazer

  • Race: Zerg Zerg
  • League: Master
  • Spawn Location: 5:00

Clem - Winner!

  • Race: Terran Terran
  • League: Master
  • Spawn Location: 11:00

Event: NationWars 2019

VOD

Have the link to the VOD?

Description

Time

  • Played on: Nov. 14, 2019, 1:20 p.m.
  • Length: 13:20

All games in this series

Show
View Real Time Build Order
Export as new Build Order

Elazer Zerg 

Build Orders: Hatch First 

Get SALT Encoding   

  12  0:00  Drone  
  13  0:12  Overlord  
  13  0:16  Drone  
  14  0:30  Drone x2  
  16  0:47  Hatchery  
  15  0:50  Drone  
  15  0:54  Drone  
  18  0:57  Drone  
  18  1:08  Extractor  
  17  1:13  Spawning Pool  
  17  1:16  Drone  
  17  1:19  Drone  
  18  1:28  Drone  
  19  1:39  Drone  
  20  1:49  Drone  
  21  2:00  Zergling x2, Queen x2  
  21  2:01  Zergling x2  
  27  2:15  Hatchery  
  26  2:18  Overlord  
  26  2:21  Drone  
  27  2:24  Drone  
  28  2:36  Metabolic Boost  
  27  2:38  Drone x3  
  30  2:44  Drone  
  30  2:47  Queen  
  33  2:53  Overlord  
  33  2:57  Drone  
  34  2:59  Drone  
  34  3:04  Drone  
  36  3:11  Drone x4  
  40  3:18  Drone  
  41  3:21  Drone  
  41  3:23  Queen  
  41  3:26  Overlord  
  44  3:28  Queen  
  44  3:31  Zergling x2  
  47  3:34  Overlord  
  47  3:37  Zergling x2  
  47  3:40  Zergling x4  
  50  3:46  Drone x4  
  54  3:55  Drone x3  
  57  3:59  Drone x3, Overlord  
  60  4:04  Roach Warren  
  58  4:11  Zergling x4  
  58  4:14  Overlord  
  58  4:15  Drone x3  
  62  4:23  Overlord  
  62  4:25  Drone x2  
  64  4:32  Drone, Overlord  
  64  4:33  Drone x4  
  64  4:37  Queen  
  71  4:45  Zergling x2  
  67  4:46  Drone x3, Overlord  
  67  4:50  Drone x2  
  67  4:52  Evolution Chamber  
  70  4:53  Evolution Chamber  
  70  4:58  Drone x4  
  73  5:00  Drone  
  73  5:02  Extractor  
  73  5:04  Extractor  
  73  5:05  Overlord  
  73  5:06  Spore Crawler  
  71  5:07  Spore Crawler  
  71  5:09  Queen  
  71  5:11  Drone x3  
  71  5:12  Spore Crawler, Drone  
  71  5:13  Overlord  
  75  5:20  Lair  
  75  5:22  Zerg Ground Armor Level 1  
  75  5:23  Zerg Melee Weapons Level 1  
  75  5:26  Drone x2, Extractor  
  75  5:27  Extractor  
  75  5:31  Drone x4  
  75  5:34  Overlord  
  78  5:37  Roach x2  
  78  5:40  Drone x3  
  85  5:43  Roach  
  85  5:46  Roach x2  
  91  5:53  Overlord  
  91  5:54  Roach  
  91  5:55  Roach x3  
  99  6:07  Hatchery  
  99  6:09  Baneling Nest  
  99  6:10  Roach x3  
  103  6:13  Drone  
  103  6:14  Drone x3, Extractor  
  103  6:15  Overlord  
  106  6:18  Glial Reconstitution  
  106  6:20  Ravager  
  106  6:21  Zergling x6  
  110  6:26  Overlord  
  110  6:27  Zergling x6  
  110  6:30  Zergling x2  
  110  6:31  Zergling x4  
  117  6:33  Ravager x2  
  117  6:38  Zergling x10  
  123  6:45  Overlord  
  123  6:51  Centrifical Hooks  
  117  6:56  Drone x9  
  117  6:59  Infestation Pit  
  117  7:01  Overlord  
  125  7:03  Drone x4  
  129  7:09  Overlord  
  129  7:13  Drone x2  
  131  7:16  Overlord  
  131  7:18  Overlord  
  131  7:19  Zerg Ground Armor Level 2, Zerg Melee Weapons Level 2  
  130  7:23  Overlord  
  130  7:24  Zergling x6  
  130  7:29  Zergling x2  
  137  7:30  Zergling x10  
  137  7:31  Ravager  
  137  7:33  Zergling x4  
  137  7:36  Overlord  
  137  7:38  Zergling x2  
  137  7:42  Hive  
  137  7:44  Extractor  
  137  7:45  Drone x2  
  137  7:46  Drone  
  140  7:51  Zergling x12  
  140  7:53  Hatchery  
  147  7:58  Overlord  
  147  8:01  Zergling x10  
  138  8:06  Zergling x6  
  132  8:13  Zergling x10  
  132  8:16  Baneling x11  
  132  8:18  Roach x3  
  140  8:22  Roach x3  
  140  8:26  Queen x2  
  139  8:36  Zergling x2  
  139  8:37  Zergling x6  
  136  8:45  Zergling x4  
  120  8:53  Hatchery, Roach x3  
  112  8:58  Adrenal Glands  
  112  9:00  Ultralisk Cavern  
  112  9:01  Roach x2  
  112  9:02  Queen  
  115  9:07  Roach  
  115  9:08  Roach  
  116  9:12  Queen  
  116  9:13  Queen  
  116  9:14  Queen  
  120  9:20  Roach x5  
  127  9:25  Ravager  
  127  9:27  Roach x3  
  127  9:30  Ravager x2  
  136  9:32  Zergling x10  
  136  9:38  Burrow  
  139  9:45  Roach x8  
  147  9:50  Overseer, Roach x2  
  135  9:56  Zergling x6  
  135  9:57  Chitinous Plating  
  126  10:05  Zergling x12  
  127  10:10  Zergling x12  
  127  10:12  Overseer  
  124  10:15  Zergling x2  
  124  10:16  Zergling x2  
  126  10:22  Ultralisk  
  136  10:28  Ultralisk  
  136  10:30  Zergling x10  
  136  10:38  Zergling x2  
  136  10:39  Zergling x16  
  139  10:44  Zergling x2  
  139  10:49  Queen x2  
  140  10:55  Ultralisk  
  140  10:56  Zergling x6  
  136  11:06  Hatchery  
  136  11:09  Overseer  
  129  11:13  Zergling x14  
  129  11:15  Zergling x2  
  129  11:16  Zergling x4  
  136  11:20  Drone  
  132  11:27  Anabolic Synthesis  
  132  11:31  Drone x4  
  136  11:33  Drone x2  
  136  11:36  Zergling x2  
  136  11:39  Zergling x2  
  139  11:40  Zergling x4  
  139  11:45  Pneumatized Carapace  
  136  11:48  Zergling x2  
  136  11:49  Zergling x4  
  139  11:59  Zergling x8  
  142  12:05  Zergling x2  
  142  12:06  Zergling x6  
  124  12:20  Spore Crawler, Zergling x6  
  120  12:28  Zergling x4  
  117  12:33  Zergling x2  
  117  12:38  Ultralisk x2  
  128  12:47  Zergling x4  
  108  12:58  Hatchery  
  108  12:59  Overlord  
  108  13:02  Zergling x10  
  108  13:04  Overseer  
Show
View Real Time Build Order
Export as new Build Order

Clem Terran - Winner!

Build Orders: Liberator Opening, Reaper Expand 

Get SALT Encoding   

  12  0:00  SCV  
  13  0:12  SCV  
  14  0:17  Supply Depot  
  14  0:24  SCV  
  15  0:39  SCV  
  15  0:40  Barracks  
  16  0:42  Refinery  
  16  0:51  SCV  
  17  1:03  SCV  
  18  1:15  SCV  
  19  1:26  Reaper  
  19  1:27  Orbital Command  
  20  1:38  Command Center  
  20  1:46  Supply Depot  
  20  1:52  SCV  
  21  1:58  Marine  
  22  2:04  Factory  
  22  2:06  SCV  
  23  2:14  Refinery  
  23  2:18  SCV  
  23  2:20  Barracks Reactor  
  24  2:30  SCV  
  25  2:43  SCV  
  26  2:49  Starport  
  26  2:51  Orbital Command  
  26  2:55  SCV  
  27  3:02  Hellion x2  
  31  3:06  Barracks Tech Lab  
  31  3:07  SCV  
  31  3:10  Liberator  
  32  3:14  Supply Depot  
  32  3:18  SCV  
  32  3:19  SCV  
  34  3:24  Hellion x2  
  38  3:30  SCV  
  42  3:34  SCV  
  42  3:39  Supply Depot  
  42  3:40  Stimpack  
  43  3:42  SCV  
  43  3:45  Marine  
  45  3:49  Hellion x2  
  45  3:50  SCV  
  45  3:54  SCV  
  51  4:00  Supply Depot  
  50  4:09  SCV  
  51  4:11  Command Center  
  51  4:14  SCV  
  52  4:20  Factory Tech Lab, Starport Reactor  
  52  4:24  Barracks x2  
  52  4:25  SCV  
  52  4:26  Marine  
  52  4:29  SCV  
  55  4:34  Engineering Bay  
  55  4:39  SCV  
  55  4:40  Engineering Bay  
  55  4:43  SCV  
  49  4:48  Marine  
  49  4:50  Siege Tank  
  49  4:51  SCV  
  49  4:55  SCV, Refinery  
  48  5:01  Terran Infantry Weapons Level 1  
  48  5:02  Starport Reactor  
  48  5:03  SCV  
  48  5:05  Refinery  
  49  5:07  Marine  
  49  5:08  Terran Infantry Armor Level 1  
  49  5:09  SCV  
  49  5:12  Marine x2  
  53  5:18  SCV  
  53  5:20  Combat Shield  
  54  5:21  Marine x2  
  54  5:24  Orbital Command  
  54  5:25  Marine  
  54  5:26  SCV  
  58  5:30  SCV  
  58  5:32  Marine  
  58  5:33  Marine  
  61  5:38  SCV  
  61  5:39  Medivac  
  61  5:41  Medivac  
  61  5:42  SCV, Supply Depot, Marine x2  
  67  5:43  Marine  
  67  5:44  Orbital Command  
  70  5:50  Marine  
  70  5:53  Barracks, Siege Tank  
  70  5:54  SCV  
  70  5:55  SCV  
  76  5:59  Barracks  
  76  6:02  Supply Depot  
  76  6:05  Armory  
  76  6:06  Marine  
  76  6:11  SCV  
  78  6:15  SCV  
  78  6:17  SCV  
  78  6:18  Marine x2  
  80  6:19  Marine x2  
  80  6:22  Supply Depot  
  80  6:23  SCV  
  85  6:25  Marine  
  85  6:27  Supply Depot  
  85  6:32  Factory  
  86  6:34  SCV  
  86  6:36  Factory Reactor, Marine x2  
  86  6:37  Marine x2  
  86  6:38  SCV x2  
  93  6:43  Marine  
  93  6:45  Barracks Reactor, Refinery  
  93  6:46  SCV  
  95  6:50  SCV x2  
  96  6:55  Barracks Reactor, Marine x3  
  96  6:56  Terran Infantry Weapons Level 2  
  96  6:59  SCV, Supply Depot  
  96  7:00  Refinery  
  100  7:02  SCV x2  
  100  7:03  Medivac  
  100  7:05  Medivac  
  105  7:09  Marine x2  
  105  7:11  SCV  
  105  7:12  Marine  
  105  7:14  SCV x2  
  111  7:17  Terran Infantry Armor Level 2  
  111  7:20  Drilling Claws  
  111  7:21  Marine  
  112  7:23  SCV, Marine x2  
  112  7:24  Marine  
  112  7:26  Supply Depot  
  115  7:32  Marine  
  115  7:33  Marine x3  
  115  7:34  Widow Mine x2  
  122  7:37  Supply Depot  
  122  7:40  Marine  
  122  7:42  Supply Depot, Marine x2  
  125  7:47  Marine x2  
  125  7:49  SCV, Supply Depot  
  125  7:50  SCV, Marine  
  130  7:52  Terran Vehicle And Ship Armor Level 1  
  130  7:53  Widow Mine  
  132  7:59  Supply Depot, Widow Mine x2  
  132  8:01  Marine x2  
  132  8:02  Marine  
  132  8:03  SCV  
  131  8:07  Marine  
  131  8:08  Marine  
  131  8:09  SCV  
  131  8:12  Marine  
  131  8:14  Marine x2  
  131  8:15  Marine, Widow Mine  
  131  8:19  Marine x2  
  132  8:20  Widow Mine, Marine  
  132  8:23  SCV  
  132  8:24  SCV  
  132  8:25  Marine  
  132  8:26  Marine  
  132  8:27  Orbital Command, Widow Mine  
  136  8:30  Marine  
  136  8:31  Marine  
  136  8:32  Marine  
  136  8:33  Marine  
  131  8:37  SCV, Marine x2  
  131  8:38  Marine  
  131  8:40  Widow Mine  
  128  8:42  Widow Mine  
  128  8:43  Medivac x2, Marine  
  128  8:44  Marine  
  128  8:48  Widow Mine, Marine  
  131  8:49  Marine x2  
  131  8:51  Marine  
  131  8:55  Marine x3  
  133  9:04  Barracks  
  133  9:05  Barracks  
  132  9:10  Barracks, Supply Depot  
  132  9:14  Widow Mine x2  
  132  9:15  Marine  
  135  9:21  Marine x2  
  135  9:22  Marine x2  
  139  9:24  Marine  
  139  9:25  Marine x2  
  139  9:27  Marine  
  143  9:33  Marine  
  143  9:36  Widow Mine  
  145  9:39  Marine x2  
  145  9:41  Marine  
  145  9:42  Widow Mine  
  145  9:45  Marauder  
  147  9:46  Marine x2  
  147  9:48  Medivac, Marine x2  
  147  9:49  Widow Mine  
  147  9:51  Marine  
  147  9:57  Marine x2  
  147  9:58  Widow Mine  
  141  10:02  Barracks Tech Lab  
  141  10:05  Barracks Tech Lab  
  141  10:06  Marauder, Command Center  
  135  10:07  Terran Infantry Weapons Level 3  
  135  10:12  Terran Infantry Armor Level 3  
  135  10:13  Marine  
  135  10:14  Marine x3  
  124  10:16  Barracks Tech Lab  
  124  10:18  Siege Tank, Marine  
  128  10:23  Concussive Shells  
  128  10:24  Marauder x2  
  128  10:28  Marauder, Marine x2  
  134  10:29  Marine  
  134  10:31  Marine x2  
  134  10:32  Widow Mine  
  138  10:35  Liberator  
  138  10:37  Marauder, Marine x2  
  138  10:41  Marine  
  135  10:45  Marine x2  
  135  10:46  Widow Mine, Marine  
  135  10:50  Marauder  
  135  10:54  Marine x4  
  130  10:58  Marauder  
  130  11:03  Marauder  
  130  11:05  Widow Mine  
  130  11:07  Marauder, Marine  
  135  11:11  Widow Mine  
  135  11:12  Marauder  
  135  11:14  Marine x2  
  135  11:15  Marine x2  
  135  11:16  Marine  
  144  11:20  Marauder  
  144  11:23  Marine  
  144  11:24  Marauder  
  143  11:26  Widow Mine  
  143  11:28  Medivac, Marauder  
  149  11:34  Marauder  
  149  11:35  Medivac  
  149  11:38  Marine  
  149  11:39  Widow Mine, Marine  
  155  11:41  Marauder, Marine  
  155  11:45  Marine  
  155  11:46  Marauder  
  158  11:47  Marine  
  158  11:50  Marauder  
  161  11:55  Marauder  
  161  12:00  Widow Mine  
  164  12:03  Marauder  
  164  12:07  Marauder, Widow Mine  
  167  12:09  Medivac  
  167  12:11  Marauder  
  146  12:17  Marauder  
  146  12:20  SCV x2, Widow Mine  
  146  12:21  SCV  
  149  12:22  Marine  
  149  12:24  Marauder  
  149  12:27  Marine x2  
  149  12:28  Marauder, Marine  
  151  12:33  Marauder  
  143  12:38  Marauder  
  143  12:41  SCV  
  146  12:45  Marauder  
  146  12:50  SCV, Marauder  
  140  12:53  SCV  
  140  12:54  SCV  
Tags
 
Add a new tag
Caveats
  • Supply blocks, unpowered buildings, or Contaminate may cause inaccurate times.
  • Supply counts are checked every 10 seconds.